 Dungeon Crawl Stone Soup version 0.18.1-8-gdd0e5ea (webtiles) character file.

160 Gagarin the Charmwright (level 5, -5/41 HPs)
             Began as a Merfolk Skald on June 1, 2016.
             Slain by Bampo's ghost (11 damage)
             ... on level 3 of the Dungeon.
             The game lasted 00:08:39 (3295 turns).

Gagarin the Charmwright (Merfolk Skald)             Turns: 3295, Time: 00:08:40

Health: -5/41      AC:  3    Str: 12    XL:     5   Next: 41%
Magic:  6/8        EV:  8    Int: 13    God:
Gold:   56         SH:  0    Dex: 13    Spells: 2 memorised, 4 levels left

rFire  . . .     SeeInvis .     s - +0 halberd
rCold  . . .     Gourm    .     l - +1 robe {rN+}
rNeg   + . .     Faith    .     (shield currently unavailable)
rPois  .         Spirit   .     (no helmet)
rElec  .         Dismiss  .     (no cloak)
rCorr  .         Reflect  .     (no gloves)
SustAt .         Harm     .     (no boots)
MR     .....                    (no amulet)
Stlth  +.........               (no ring)
                                (no ring)

@: not resistant to hostile enchantments, very unstealthy
A: change form in water, swift swim
a: no special abilities


You were on level 3 of the Dungeon.
You were not hungry.

You visited 1 branch of the dungeon, and saw 3 of its levels.

You collected 56 gold pieces.

Inventory:

Hand Weapons
 a - a +0 spear
 s - a +0 halberd (weapon)
Armour
 b - a +0 leather armour
 l - a +1 robe of positive energy (worn)
Jewellery
 w - a +4 ring of slaying {unknown}
Scrolls
 e - 2 scrolls of identify {unknown}
 h - a scroll of immolation {unknown}
 i - 3 scrolls of noise {unknown}
 k - a scroll of teleportation {unknown}
 m - a scroll of enchant weapon {unknown}
 p - a scroll of fear {unknown}
 r - a scroll of remove curse {unknown}
 x - a scroll of magic mapping {unknown}
Potions
 g - a potion of magic {unknown}
 n - a potion of cure mutation {unknown}
 o - a potion of haste
 q - a potion of berserk rage {unknown}
 u - a potion of degeneration {unknown}
Books
 c - a book of Battle

   Spells                             Type                      Level
   a - Infusion                       Charms                       1
   b - Shroud of Golubria             Charms/Translocation         2
   c - Song of Slaying                Charms                       2
   d - Spectral Weapon                Hexes/Charms                 3
   e - Regeneration                   Charms/Necromancy            3
Comestibles
 d - 2 bread rations
 f - 3 slices of pizza
 j - 2 fruits
 t - 2 chunks of flesh
 v - a royal jelly


   Skills:
 + Level 3.2 Fighting
 + Level 3.8 Polearms
 + Level 1.5 Armour
 + Level 3.1 Dodging
 + Level 0.5 Stealth
 + Level 2.4 Spellcasting
 + Level 0.8 Hexes
 + Level 3.9 Charms


You had 4 spell levels left.
You knew the following spells:

 Your Spells              Type           Power        Failure   Level  Hunger
a - Infusion              Chrm           ##..         6%          1    #......
b - Spectral Weapon       Hex/Chrm       #.......     34%         3    ###....


Dungeon Overview and Level Annotations

Branches:
Dungeon (3/15)

Altars:
The Shining One

Annotations:
D:3 Bampo's ghost, amateur HuFi


Message History

You hit the rat.
The rat is moderately wounded.
Your spectral weapon hits the rat from afar.
You kill the rat!
Bampo's ghost hits you but does no damage. x2
You hit Bampo's ghost but do no damage.
Your spectral weapon barely misses Bampo's ghost.
Bampo's ghost hits you!
Drink which item? (? for menu, Esc to quit)
Okay, then.
You hear the quick rusting of a very distant drain.
Bampo's ghost closely misses you.
You barely miss Bampo's ghost.
Your spectral weapon hits Bampo's ghost.
Bampo's ghost hits you! Bampo's ghost hits you!
* * * LOW HITPOINT WARNING * * *
There is a stone staircase leading up, spattered with blood here.
Bampo's ghost hits you!
You die...

# #((##### ###.... #.#......##
######...#.#
.#.#.......###...........
............##...........
............##?..........
............###.>.##.##..
................####.##..
........W(.......##..#... # ##
........@..#...#.#....... #.##.
....................###.. #....##
####.####.###.#...#.##... #.....#
#.####.###.#.....##.##
..###.#####.................##.##
#.##.........# #........##.......
#............# #........##...#.##
#............# #........##...#.##
.............# #.##.###....#.#.#


You could see Bampo's ghost and a friendly spectral halberd.

Vanquished Creatures
  Jessica (D:2)
  3 gnolls (D:3)
  3 adders (D:2)
  An ooze (D:1)
  2 worms (D:2)
  2 dart slugs
  A giant gecko (D:1)
  13 goblins
  9 hobgoblins
  4 jackals (D:1)
  2 ball pythons
  7 bats
  4 giant newts
  5 kobolds
  7 rats
64 creatures vanquished.

Notes
Turn   | Place    | Note
--------------------------------------------------------------
     0 | D:1      | Gagarin the Merfolk Skald began the quest for the Orb.
     0 | D:1      | Reached XP level 1. HP: 16/16 MP: 3/3
   180 | D:1      | Reached XP level 2. HP: 20/23 MP: 5/5
   892 | D:1      | Reached XP level 3. HP: 26/28 MP: 6/6
   897 | D:1      | Learned a level 3 spell: Spectral Weapon
  1221 | D:2      | Reached skill level 1 in Armour
  1403 | D:2      | Found a glowing golden altar of the Shining One.
  1924 | D:2      | Reached XP level 4. HP: 31/35 MP: 3/7
  2668 | D:2      | Noticed Jessica
  2675 | D:2      | Killed Jessica
  2675 | D:2      | Reached XP level 5. HP: 41/41 MP: 0/8
  2837 | D:3      | Noticed Bampo's ghost (amateur HuFi)
  3295 | D:3      | Slain by Bampo's ghost

Skill      XL: |  1  2  3  4  5 |
---------------+----------------+-----
Armour         | 1 |  1.5
Dodging        | 2 3 |  3.1
Fighting       | 3 |  3.2
Polearms       | |  3.8
Stealth        | |  0.5
Spellcasting   | |  2.4
Hexes          | |  0.8
Charms         | |  3.9

Action                   |  1- 3 |  4- 6 || total
-------------------------+-------+-------++-------
Melee: Spear             |   151 |   100 ||   251
       Halberd           |       |    13 ||    13
 Cast: Infusion          |     3 |     4 ||     7
       Spectral Weapon   |     1 |     3 ||     4
 Stab: Sleeping          |     1 |       ||     1
  Eat: Chunk             |     4 |     3 ||     7
       Fruit             |       |     2 ||     2
Armor: Leather armour    |    36 |    17 ||    53
       Robe              |       |     4 ||     4
Dodge: Dodged            |    77 |    62 ||   139
